[Event "*** Titled Tuesday Blitz"]
[Site "Chess.com"]
[Date "2020.04.28"]
[Round "1"]
[White "Doraemon7"]
[Black "varacalli"]
[Result "1-0"]
[WhiteElo "2640"]
[BlackElo "2317"]
[TimeControl "180+1"]
[EndTime "10:06:47 PDT"]
[Termination "Doraemon7 won by checkmate"]

1. Nf3 Nf6 2. c4 g6 3. b3 Bg7 4. Bb2 d6 5. d4 O-O 6. g3 c5 7. Bg2 Nc6 8. O-O cxd4 9. Nxd4 Bd7 10. Nc3 Qa5 11. Nc2 Rfc8 12. Qd2 Qh5 13. Ne3 Bh3 14. Rfd1 Bxg2 15. Kxg2 Re8 16. f3 Rac8 17. Ncd5 Nxd5 18. cxd5 Bxb2 19. Qxb2 Qe5 20. Qd2 Nb8 21. Rac1 Nd7 22. Nc4 Qf6 23. Na5 Nb6 24. Nxb7 h5 25. h4 Qe5 26. e4 Rxc1 27. Rxc1 Rc8 28. Rxc8+ Nxc8 29. Na5 Nb6 30. Nc6 Qf6 31. Nxa7 e6 32.
dxe6 Qxe6 33. Nb5 d5 34. Nc3 dxe4 35. Nxe4 Nd5 36. Qxd5 Qa6 37. Qd2 Qa5 38. Qxa5 Kg7 39. Qe5+ f6 40. Qxf6+ Kh6 41. Qh8# 1-0

[Event "*** Titled Tuesday Blitz"]
[Site "Chess.com"]
[Date "2020.04.28"]
[Round "1"]
[White "NIGWAPO"]
[Black "Trickov"]
[Result "1-0"]
[WhiteElo "2595"]
[BlackElo "2260"]
[TimeControl "180+1"]
[EndTime "10:06:47 PDT"]
[Termination "NIGWAPO won by resignation"]

1. Nf3 d5 2. c4 c6 3. g3 Nf6 4. Bg2 Bf5 5. O-O e6 6. b3 Nbd7 7. d3 Bc5 8. Bb2 O-O 9. Nbd2 Qe7 10. Qc2 a5 11. e4 dxe4 12. dxe4 Bg6 13. Rad1 Bb4 14.
Rfe1 Nc5 15. Ne5 Rfd8 16. Nxg6 hxg6 17. a3 Bxd2 18. Rxd2 Rxd2 19. Qxd2 Nxb3 20. Qe3 Nc5 21. e5 Nfd7 22. Bd4 a4 23. Rb1 Nb3 24. Bb2 Ndc5 25.
h4 Rd8 26. Bf1 Qd7 27. Bc3 Qc7 28. Bb4 b6 29. Qf4 Rd4 30. Qg5 Qd7 31. h5 gxh5 32. Qxh5 g6 33. Qg5 Rd2 34. Bxd2 Qxd2 35. Qxd2 Nxd2 36.
Rxb6 Nd7 37. Rxc6 Nxe5 38. Ra6 Nef3+ 39. Kg2 Ne1+ 40. Kg1 Nef3+ 41. Kh1 Nxf1 42. Kg2 N1d2 43. c5 Ne5 44. c6 Nxc6 45. Rxc6 Nb1 46. Rc4 Nxa3 47.
Rxa4 Nb5 48. Kf3 Nd6 49. Ra6 Nf5 50. g4 Nd4+ 51. Ke4 Nb5 52. Rc6 g5 53. Ke5 Kg7 54. Rc5 Na7 55. Kd6 Kf6 56. Kc7 Ke7 57. Kb7 f5 58.
gxf5 exf5 59. Rxf5 Ke6 60. Rxg5 1-0

[Event "*** Titled Tuesday Blitz"]
[Site "Chess.com"]
[Date "2020.04.28"]
[Round "1"]
[White "BelaKis"]
[Black "thedjoker98"]
[Result "0-1"]
[WhiteElo "2037"]
[BlackElo "2494"]
[TimeControl "180+1"]
[EndTime "10:06:47 PDT"]
[Termination "thedjoker98 won on time"]

1. Nf3 d5 2. g3 Nc6 3. Bg2 e5 4. d3 Nf6 5. O-O Be7 6. c4 d4 7. a3 a5 8. e3 O-O 9. exd4 exd4 10. Bg5 Bf5 11. Qc2 h6 12. Bxf6 Bxf6 13. Nbd2 Re8 14.
Rfe1 Qd6 15. h3 Rab8 16. Rxe8+ Rxe8 17. Re1 Rxe1+ 18. Nxe1 Qe6 19. Ne4 Bxh3 20. Nxf6+ gxf6 21. Nf3 Bg4 22. Qd2 Kg7 23. b4 axb4 24. axb4 Qf5 25.
Nh4 Qg5 26. Qb2 Qe5 27. b5 Nd8 28. f4 Qe3+ 29. Kh2 Qxd3 30. Qb4 Ne6 31. Bxb7 Qe2+ 32.
Bg2 d3 33. f5 Nd4 34. Qc5 d2 35. Qxd4 d1=Q 36. Qf4 Qee1 0-1

[Event "*** Titled Tuesday Blitz"]
[Site "Chess.com"]
[Date "2020.04.28"]
[Round "1"]
[White "Kate1606"]
[Black "Yuri202062"]
[Result "0-1"]
[WhiteElo "2015"]
[BlackElo "2488"]
[TimeControl "180+1"]
[EndTime "10:06:48 PDT"]
[Termination "Yuri202062 won on time"]

1. e4 c5 2. a3 e6 3. b4 cxb4 4.
axb4 Bxb4 5. c3 Be7 6. d4 d6 7.
f4 Nc6 8. Nf3 Nf6 9. Bd3 b6 10.
O-O Bb7 11. Qc2 h6 12. e5 Nd5 13. Be4 Rc8 14. Qd3 Na5 15. Bxd5 Bxd5 16. Nbd2 Qc7 17. Bb2 Nc4 18. Bc1 O-O 19. f5 dxe5 20.
Nxe5 Nxe5 21. dxe5 Qxe5 22. Rxa7 Bc5+ 23. Kh1 exf5 24.
Qxf5 Qxf5 25. Rxf5 Be6 26. Rf1 Rfd8 27. Ne4 Bf8 28.
Bb2 Bd5 29. Ng3 Bc4 30. Re1 Rd2 31. Bc1 Rc2 32. Rb7 Bd5 33. Re4 Rxc1+ 0-1

[Event "*** Titled Tuesday Blitz"]
[Site "Chess.com"]
[Date "2020.04.28"]
[Round "1"]
[White "BillieKimbah"]
[Black "ega2006"]
[Result "1-0"]
[WhiteElo "2853"]
[BlackElo "2437"]
[TimeControl "180+1"]
[EndTime "10:06:49 PDT"]
[Termination "BillieKimbah won by checkmate"]

1. d4 Nf6 2. c4 g6 3. Nc3 Bg7 4. e4 d6 5. Be2 O-O 6. h4 a6 7. h5 c5 8. dxc5 dxc5 9. Qxd8 Rxd8 10. h6 Bh8 11. e5 Nfd7 12. f4 Nc6 13. Nf3 Nf8 14.
Be3 Ne6 15. Nd5 Kf8 16. O-O-O b5 17. Nb6 Rxd1+ 18. Rxd1 Rb8 19. Nxc8 Rxc8 20. cxb5 axb5 21. Bxb5 Ncd4 22. Bd7 Ra8 23. Bxe6 Nxe6 24. a3 f6 25.
Kc2 Ra4 26. Rd7 fxe5 27. fxe5 Re4 28. Bg5 Nxg5 29. Rd8+ Kf7 30. Nxg5# 1-0

[Event "*** Titled Tuesday Blitz"]
[Site "Chess.com"]
[Date "2020.04.28"]
[Round "1"]
[White "xamax2000"]
[Black "crazy_but_lazy"]
[Result "1-0"]
[WhiteElo "2700"]
[BlackElo "2358"]
[TimeControl "180+1"]
[EndTime "10:06:49 PDT"]
[Termination "xamax2000 won by resignation"]

1. e4 c6 2. d4 d5 3. e5 c5 4. Nf3 cxd4 5. Nxd4 e6 6. Nd2 Nc6 7.
N2f3 Bc5 8. Nxc6 bxc6 9. Bd3 Ne7 10. Qe2 a5 11. Bd2 Qb6 12. O-O Ba6 13. c4 h6 14.
b3 O-O 15. Rab1 Rfd8 16. Rfd1 Bb4 17. Be3 Bc5 18. Nd4 dxc4 19. bxc4 Qa7 20. Nc2 Bxe3 21. Nxe3 Rd7 22. Be4 Rad8 23. Rxd7 Rxd7 24. h4 Rb7 25. Rd1 Rd7 26. Rd6 g6 27. Qd2 Rb7 28. Ng4 Kg7 29. Qxh6+ 1-0

[Event "*** Titled Tuesday Blitz"]
[Site "Chess.com"]
[Date "2020.04.28"]
[Round "1"]
[White "maciek_92"]
[Black "Pedrada88"]
[Result "1-0"]
[WhiteElo "2686"]
[BlackElo "2339"]
[TimeControl "180+1"]
[EndTime "10:06:49 PDT"]
[Termination "maciek_92 won on time"]

1. e4 c5 2. Nf3 Nc6 3. c3 Nf6 4. e5 Nd5 5. d4 cxd4 6. cxd4 d6 7. Bc4 Nb6 8. Bb5 d5 9. O-O Bg4 10. h3 Bxf3 11. Qxf3 e6 12. Rd1 Be7 13. Qg3 g6 14. Bh6 Bf8 15. Be3 Bg7 16. Nd2 O-O 17. h4 h5 18. Rac1 Rc8 19. a3 Na5 20. b3 Qe7 21. Rc5 Rxc5 22. dxc5 Nd7 23. b4 Nc6 24. f4 Bh6 25.
Nf3 a6 26. Bd3 a5 27. b5 Ncxe5 28. Nxe5 Nxe5 29. fxe5 Bxe3+ 30. Qxe3 Qxh4 31. c6 bxc6 32. bxc6 Qa4 33. Rc1 Qxa3 34. c7 Rc8 35. Kf2 d4 36. Qd2 Qe7 37. Qc2 Qh4+ 38. Kg1 Qf4 39. Ba6 Qe3+ 40.
Kh1 d3 41. Qc5 Qf4 42. Bxd3 Qh4+ 43. Kg1 Qf4 44. Ba6 Rxc7 45. Qxc7 Qd4+ 46. Kf1 Qf4+ 47. Ke1 1-0

[Event "*** Titled Tuesday Blitz"]
[Site "Chess.com"]
[Date "2020.04.28"]
[Round "1"]
[White "SmirnovAlexandrA"]
[Black "bascheyaro"]
[Result "0-1"]
[WhiteElo "2349"]
[BlackElo "2689"]
[TimeControl "180+1"]
[EndTime "10:06:50 PDT"]
[Termination "bascheyaro won by resignation"]

1. e4 e6 2. d4 d5 3. Nc3 Bb4 4. e5 Ne7 5. a3 Bxc3+ 6. bxc3 b6 7. Bb5+ c6 8. Bd3 Ba6 9. Nf3 c5 10. Bxa6 Nxa6 11. Qd3 Nb8 12. h4 Nbc6 13. h5 h6 14. a4 Qc7 15. Ba3 Rc8 16. O-O O-O 17. Ra2 cxd4 18.
cxd4 f6 19. Re1 fxe5 20. Nxe5 Nxe5 21. Rxe5 Rf6 22. Bxe7 Qxe7 23. c3 Qd7 24. Rae2 Kf7 25. Qh3 Re8 26. Kh2 Qxa4 27. f4 Qd7 28. f5 Rxf5 29.
Rxe6 Rxe6 30. Qxf5+ Ke7 31. Rf2 Qd6+ 32. Kg1 Re1+ 33.
Rf1 Rxf1+ 34. Qxf1 Qe6 35. Qa6 Qd7 36. Qe2+ Kd8 37. Qe5 Kc8 38. Kf2 a5 39. Ke3 a4 40.
Kd3 a3 41. Kc2 Qa4+ 42. Kd2 a2 43. Qf5+ Kb8 44. Qe5+ Ka8 45. Qe8+ Qxe8 0-1

[Event "*** Titled Tuesday Blitz"]
[Site "Chess.com"]
[Date "2020.04.28"]
[Round "1"]
[White "SharapovEvgeny"]
[Black "RitvarsReimanis"]
[Result "1/2-1/2"]
[WhiteElo "2290"]
[BlackElo "2598"]
[TimeControl "180+1"]
[EndTime "10:06:50 PDT"]
[Termination "Game drawn by agreement"]

1. e4 c5 2. Nf3 Nc6 3. d4 cxd4 4. Nxd4 Nf6 5. Nc3 e5 6. Ndb5 d6 7. Bg5 a6 8. Na3 b5 9. Nd5 Be7 10. Bxf6 Bxf6 11. c3 Bg5 12. Nc2 Rb8 13. a3 O-O 14. g3 Be6 15. h4 Bh6 16. Bh3 Ne7 17. Ncb4 Bxd5 18. Nxd5 Nxd5 19. Qxd5 Qc7 20. O-O g6 21. Rad1 Rb6 22. Rd3 Re8 23. Rfd1 Bf8 24. Kh2 Qc4 25. Bf1 Qxd5 26. Rxd5 Kg7 27. R1d2 Reb8 28. Kg2 Rc8 29. Rc2 Rc5 30. Rxc5 dxc5 31. Rd2 Rd6 32. Rxd6 Bxd6 33. Kf3 c4 34. Bh3 a5 35. Bd7 b4 36. axb4 axb4 37.
Bb5 bxc3 38. bxc3 Ba3 39. Ke2 f5 40. exf5 gxf5 41. Bxc4 Kf6 42. Bd5 e4 43. f3 exf3+ 44.
Kxf3 h6 45. c4 Bc5 46. g4 fxg4+ 47. Kxg4 Bd4 48. h5 Bc5 49. Kf4 Bb4 50. Ke4 Ke7 51. Ke5 Bc3+ 52. Kf5 Kd6 1/2-1/2

[Event "*** Titled Tuesday Blitz"]
[Site "Chess.com"]
[Date "2020.04.28"]
[Round "1"]
[White "IAgrest"]
[Black "MishkaFighter"]
[Result "0-1"]
[WhiteElo "2256"]
[BlackElo "2588"]
[TimeControl "180+1"]
[EndTime "10:06:51 PDT"]
[Termination "MishkaFighter won on time"]

1. e4 g6 2. d4 Bg7 3. Nc3 a6 4.
Nf3 b5 5. Bd3 d6 6. a4 b4 7. Ne2 Bb7 8. O-O Nd7 9. Re1 c5 10. c3 Ngf6 11. Ng3 O-O 12. h4 Rc8 13. h5 Qb6 14. a5 Qc7 15. cxb4 cxd4 16. Bg5 e5 17.
Qd2 d5 18. exd5 Nxd5 19. hxg6 hxg6 20. Bh6 Nf4 21. Bxg7 Kxg7 22. Rac1 Qd6 23. Ne4 Qe7 24. Bb1 Rh8 25. Rxc8 Rxc8 26. Nxd4 Nxg2 27. Kxg2 exd4 28. Qxd4+ Kg8 29. Rh1 Nf6 30. f3 Bxe4 31. fxe4 Rd8 32. Qe3 Qe5 33. Qh6 Nh5 0-1

[Event "*** Titled Tuesday Blitz"]
[Site "Chess.com"]
[Date "2020.04.28"]
[Round "1"]
[White "AleksanderHnydiuk"]
[Black "Richarzard69"]
[Result "1-0"]
[WhiteElo "2571"]
[BlackElo "2235"]
[TimeControl "180+1"]
[EndTime "10:06:51 PDT"]
[Termination "AleksanderHnydiuk won by resignation"]

1. d4 Nf6 2. c4 c5 3. Nf3 cxd4 4.
Nxd4 e5 5. Nb5 d5 6. cxd5 Bc5 7. N5c3 O-O 8. e3 e4 9. Be2 Qe7 10. O-O Qe5 11. Nd2 Bd6 12. g3 Bh3 13. Re1 Bb4 14. Qb3 Bxc3 15. Qxc3 Qxd5 16. b3 Rc8 17. Bc4 Qf5 18. a4 Ng4 19. Re2 Nd7 20. Bb2 Nde5 21.
Qd4 Nf6 22. Qxe5 Qg4 23. Qf4 Rxc4 24. Nxc4 Qxe2 25. Bxf6 gxf6 26. Qxf6 Rc8 27. Nd6 Rc7 28.
Ne8 Qg4 29. Nxc7 Qf3 30. Qxf3 1-0

[Event "*** Titled Tuesday Blitz"]
[Site "Chess.com"]
[Date "2020.04.28"]
[Round "1"]
[White "Soltan49"]
[Black "Abdimalik_Abdisalimov"]
[Result "0-1"]
[WhiteElo "2417"]
[BlackElo "2794"]
[TimeControl "180+1"]
[EndTime "10:06:52 PDT"]
[Termination "Abdimalik_Abdisalimov won by resignation"]

1. g3 g6 2. Bg2 Bg7 3. Nf3 c6 4. O-O d6 5. c4 Nf6 6. Nc3 O-O 7.
d4 Nbd7 8. Re1 e5 9. e4 Qb6 10. h3 Re8 11. dxe5 dxe5 12. b3 Nc5 13. Be3 Qa5 14.
Bxc5 Qxc5 15. Qc2 Bf8 16. Rad1 Qa5 17. Nb1 Be6 18. Kh2 Rad8 19. Rxd8 Rxd8 20. Rd1 Rxd1 21. Qxd1 Nxe4 22. Qe2 f5 23. Nbd2 Nxd2 24. Nxd2 e4 25. f3 Bd6 26. fxe4 f4 27. Nf3 fxg3+ 28. Kh1 Bf4 29.
Nd4 Bf7 30. Qf3 Qe1+ 31. Bf1 Be5 32. Ne2 h5 33. Kg2 Qd2 34. Kg1 h4 35. a4 a5 36.
Qg4 Qe3+ 37. Kg2 Qf2+ 0-1

[Event "*** Titled Tuesday Blitz"]
[Site "Chess.com"]
[Date "2020.04.28"]
[Round "1"]
[White "temus_galaktionov"]
[Black "TheNomNomFactor"]
[Result "1-0"]
[WhiteElo "2750"]
[BlackElo "2398"]
[TimeControl "180+1"]
[EndTime "10:06:53 PDT"]
[Termination "temus_galaktionov won by resignation"]

1. d4 g6 2. Nf3 Bg7 3. c4 e6 4.
Nc3 Ne7 5. e4 O-O 6. Be2 d5 7. O-O dxe4 8. Nxe4 Nbc6 9. Be3 f5 10.
Nc5 f4 11. Bd2 Nxd4 12. Rb1 e5 13. Re1 b6 14. Ne4 Nec6 15. Bc3 Bf5 16. Bd3 Qd7 17.
Neg5 Rad8 18. Bxf5 Qxf5 19. Qa4 h6 20. Bxd4 Nxd4 21. Nxd4 Rxd4 22. Nf3 Rd7 23. Nh4 Qg4 24. h3 Qe6 25. Nxg6 Rf5 26. Nh4 Rd2 27. Nxf5 Qxf5 28. Rbd1 Rxb2 29. Qe8+ Kh7 30. Rd8 Qc2 31. Qg8+ Kg6 32.
Qe6+ Kh7 33. Rf1 f3 34. gxf3 Rxa2 35. Qg8+ Kg6 36. Rd7 Kh5 37. Rxg7 1-0

[Event "*** Titled Tuesday Blitz"]
[Site "Chess.com"]
[Date "2020.04.28"]
[Round "1"]
[White "Diego_FloresQ"]
[Black "SantoBlue"]
[Result "1-0"]
[WhiteElo "2408"]
[BlackElo "2731"]
[TimeControl "180+1"]
[EndTime "10:06:53 PDT"]
[Termination "Diego_FloresQ won by resignation"]

1. e4 e5 2. Nf3 Nc6 3. Bb5 a6 4. Ba4 Nf6 5. O-O b5 6. Bb3 Be7 7. d4 d6 8. c3 O-O 9. h3 Bb7 10. Re1 h6 11. Nbd2 Re8 12. Nf1 Bf8 13.
Ng3 g6 14. Nh4 Na5 15. Bc2 Bg7 16. Nf3 Nc6 17. a4 Rb8 18. Bd3 exd4 19. cxd4 Nb4 20.
Bb1 c5 21. axb5 axb5 22. Bf4 Rc8 23. Qd2 g5 24. Bxg5 hxg5 25. Qxg5 Nh7 26. Qg4 Nf6 27. Qg5 Nh7 28. Qg4 Qf6 29. e5 Bxf3 30. gxf3 Qg5 31. Bxh7+ Kxh7 32. Qxg5 cxd4 33. Qh5+ Kg8 34. Nf5 Bxe5 35.
Kh1 1-0

[Event "*** Titled Tuesday Blitz"]
[Site "Chess.com"]
[Date "2020.04.28"]
[Round "1"]
[White "Leonid_Starozhilov"]
[Black "Saloni1299"]
[Result "0-1"]
[WhiteElo "2601"]
[BlackElo "2314"]
[TimeControl "180+1"]
[EndTime "10:06:53 PDT"]
[Termination "Saloni1299 won by checkmate"]

1. b3 e5 2. Bb2 Nc6 3. e3 Nf6 4.
Bb5 Bd6 5. Ne2 a6 6. Bxc6 dxc6 7. Nbc3 O-O 8. Ng3 Nd5 9. O-O f5 10. Nxd5 cxd5 11. f4 Qe7 12. fxe5 Bxe5 13. Bxe5 Qxe5 14. Qf3 g6 15. Qf4 Qe7 16. Rf2 b6 17. Raf1 Bb7 18. Qh6 Qg7 19. Qxg7+ Kxg7 20. Ne2 c5 21. Nf4 Rfe8 22.
c3 d4 23. exd4 cxd4 24. cxd4 Rad8 25. Rc1 Re7 26. Re2 Rxe2 27. Nxe2 Rd7 28. Kf2 Be4 29. Rc3 Re7 30. Nf4 Kf6 31. d3 Bb7 32. h4 Rd7 33. d5 h6 34. d4 g5 35. hxg5+ hxg5 36. Ne2 Bxd5 37. Re3 Be4 38. Rc3 f4 39. Rc8 Kf5 40. Rf8+ Kg4 41. Rb8 b5 42. Rb6 Bd3 43. Rxa6 Bxe2 44.
Kxe2 Rxd4 45. a4 bxa4 46. Rxa4 Rd6 47. Ra3 Kg3 48. b4+ Kxg2 49. b5 g4 50. Rb3 f3+ 51.
Ke3 f2 52. Rb2 Re6+ 53. Kf4 Kg1 54. Kf5 Rb6 55. Kxg4 f1=Q 56. Kg3 Qd3+ 57. Kh4 Rh6+ 58. Kg5 Rg6+ 59. Kh5 Qf5+ 60. Kh4 Qg4# 0-1

[Event "*** Titled Tuesday Blitz"]
[Site "Chess.com"]
[Date "2020.04.28"]
[Round "1"]
[White "manmanlai1"]
[Black "MartinCerveny"]
[Result "1/2-1/2"]
[WhiteElo "2302"]
[BlackElo "2607"]
[TimeControl "180+1"]
[EndTime "10:06:53 PDT"]
[Termination "Game drawn by repetition"]

1. e4 c5 2. Nf3 d6 3. d4 cxd4 4. Nxd4 Nf6 5. Bc4 e6 6. Qe2 a6 7. O-O b5 8. Bb3 Be7 9. a4 b4 10. c3 bxc3 11. Nxc3 O-O 12. Rd1 Bb7 13. e5 Nd5 14.
Nxd5 Bxd5 15. Bxd5 exd5 16. e6 Bf6 17. Be3 Qe8 18.
exf7+ Qxf7 19. Rac1 Nd7 20. Rc7 Rfc8 21. Qc2 Qe8 22.
Nf5 Be5 23. f4 Bf6 24. Bf2 Qd8 25. Rc6 Qf8 26. Nxd6 Rxc6 27. Qxc6 d4 28. Qd5+ Kh8 29. Nf7+ Kg8 30. Nh6+ Kh8 31. Nf7+ Kg8 32. Nh6+ Kh8 33.
Nf7+ 1/2-1/2

[Event "*** Titled Tuesday Blitz"]
[Site "Chess.com"]
[Date "2020.04.28"]
[Round "1"]
[White "Zq1"]
[Black "ShadowJolteon"]
[Result "1-0"]
[WhiteElo "2587"]
[BlackElo "2257"]
[TimeControl "180+1"]
[EndTime "10:06:54 PDT"]
[Termination "Zq1 won on time"]

1. d4 Nf6 2. c4 e6 3. Nc3 Bb4 4.
e3 b6 5. Ne2 Bb7 6. a3 Bxc3+ 7.
Nxc3 d5 8. b3 O-O 9. a4 Nbd7 10.
Ba3 c5 11. Rc1 Rc8 12. f3 Re8 13. Be2 cxd4 14. exd4 dxc4 15. bxc4 e5 16. Nb5 exd4 17. Nd6 Nh5 18. O-O Qe7 19. Nxc8 Qxa3 20. Nxa7 Qe3+ 21.
Rf2 Nf4 22. Bf1 d3 23. Rb1 Ne2+ 24. Bxe2 dxe2 25. Qe1 Nc5 26. Rb2 Nd3 27. Qxe2 Qxf2+ 28. Qxf2 Nxf2 29. Kxf2 Ra8 30. Nb5 Rxa4 31. Nd6 1-0

[Event "*** Titled Tuesday Blitz"]
[Site "Chess.com"]
[Date "2020.04.28"]
[Round "1"]
[White "binbin239"]
[Black "Sanan_Sjugirov"]
[Result "0-1"]
[WhiteElo "2441"]
[BlackElo "2857"]
[TimeControl "180+1"]
[EndTime "10:06:55 PDT"]
[Termination "Sanan_Sjugirov won by resignation"]

1. d4 d5 2. c4 e6 3. Nf3 c6 4.
Qc2 Nf6 5. g3 dxc4 6. Qxc4 b5 7.
Qc2 Bb7 8. Bg2 Nbd7 9. O-O c5 10. a4 cxd4 11. axb5 Bc5 12. Nbd2 Rc8 13. Nb3 Bb6 14. Qd1 e5 15. Bd2 O-O 16. Na5 Bxa5 17. Bxa5 Qe7 18.
Qa4 Nd5 19. Rfc1 N7b6 20. Qb3 h6 21. Nd2 Rxc1+ 22. Rxc1 Re8 23. Nc4 e4 24. Nxb6 axb6 25. Be1 f5 26. Qc4 Qe5 27. f4 Qf6 28. Bf2 Rc8 29.
Qxc8+ Bxc8 30. Rxc8+ Kh7 31. h3 d3 32. exd3 e3 33.
Bxd5 exf2+ 34. Kxf2 Qxb2+ 35. Kf3 Qxb5 36. Bc4 Qd7 37.
Bg8+ Kg6 38. Rc3 Qb7+ 39. Ke3 Qe7+ 40. Kf3 Qd6 41. Bc4 h5 42. h4 Kh6 43. Rb3 g6 44.
Rb5 Qc6+ 45. Rd5 Qc7 46. Ke3 Qe7+ 47. Re5 Qa3 48. Re6 Qc1+ 49. Kf3 Qf1+ 50. Ke3 Qg2 51. Rxb6 Qg1+ 52. Kf3 Qxb6 53. Bf7 Qd4 54. Bc4 Kg7 55. Ke2 Kf6 56. Kd2 Qf2+ 0-1

[Event "*** Titled Tuesday Blitz"]
[Site "Chess.com"]
[Date "2020.04.28"]
[Round "1"]
[White "MarcoRiehle"]
[Black "jaskol95"]
[Result "1-0"]
[WhiteElo "2603"]
[BlackElo "2273"]
[TimeControl "180+1"]
[EndTime "10:06:55 PDT"]
[Termination "MarcoRiehle won by resignation"]

1. e4 e6 2. c4 d5 3. cxd5 exd5 4. Qb3 Nf6 5. e5 Ne4 6. Nf3 Nc5 7. Qe3 Nc6 8. d4 Ne6 9. Nc3 Bb4 10. Bd3 h6 11. O-O O-O 12. Bd2 Bxc3 13. bxc3 Bd7 14. Bc2 Re8 15.
Ne1 Na5 16. f4 Nc4 17. Qd3 Nf8 18. f5 f6 19. Bf4 Bb5 20. Qg3 Kh7 21. Nf3 c6 22. Qh4 Na3 23. exf6 Qxf6 24. Bg5 Qf7 25. Bxh6 Nxc2 26. Ng5+ Kg8 27. Nxf7 Kxf7 28. Qh5+ Kg8 29.
Qg5 g6 30. Bxf8 Bxf1 31. Bh6 Kf7 32. Rxf1 Rg8 33. fxg6+ Ke8 34. Qe5+ Kd8 35. Qd6+ Kc8 36. Rf7 1-0

[Event "*** Titled Tuesday Blitz"]
[Site "Chess.com"]
[Date "2020.04.28"]
[Round "1"]
[White "almo64"]
[Black "NZT72"]
[Result "1-0"]
[WhiteElo "2797"]
[BlackElo "2417"]
[TimeControl "180+1"]
[EndTime "10:06:56 PDT"]
[Termination "almo64 won by resignation"]

1. e4 e5 2. Nc3 Nf6 3. Bc4 Nc6 4. d3 Na5 5. Bb3 Nxb3 6. axb3 d5 7. Bg5 dxe4 8. Nxe4 Be7 9. Bxf6 Bxf6 10. Nf3 O-O 11.
O-O Re8 12. Re1 a6 13. Ra5 Bg4 14. h3 b6 15. hxg4 bxa5 16. g5 Be7 17. Nxe5 Bb4 18. Nc6 Qd7 19. Nxb4 axb4 20. Re3 Rad8 21. Qh5 Qf5 22.
Rf3 Qg6 23. Qh4 Re5 24. Rg3 Kf8 25. Rh3 Kg8 26. Kh2 c5 27. f4 Rxe4 28. dxe4 Qxe4 29. g6 Rd2 30. Qxh7+ Kf8 31. Qh8+ Ke7 32. Qh4+ f6 33. Rg3 Rxc2 34. Qh7 Qxf4 35. Qxg7+ Ke6 36. Qh8 Rxb2 37. Qh3+ f5 38. g7 1-0

[Event "*** Titled Tuesday Blitz"]
[Site "Chess.com"]
[Date "2020.04.28"]
[Round "1"]
[White "AndrewMaco"]
[Black "Galileo22"]
[Result "1-0"]
[WhiteElo "2652"]
[BlackElo "2325"]
[TimeControl "180+1"]
[EndTime "10:06:57 PDT"]
[Termination "AndrewMaco won by checkmate"]

1. e4 c5 2. Nf3 d6 3. d4 cxd4 4.
Nxd4 Nf6 5. Nc3 a6 6. f3 e6 7. Be3 b5 8. g4 Nfd7 9. Qd2 Bb7 10. O-O-O Nb6 11. Qf2 N8d7 12. Nb3 Rc8 13. Qe1 Ne5 14. Na5 Ba8 15. Qf2 Nbd7 16. Nb3 Rxc3 17.
bxc3 Qc7 18. Bd4 Be7 19. f4 Nxg4 20. Qg2 Ndf6 21. Bd3 e5 22. fxe5 dxe5 23. Bg1 Qxc3 24. Rf1 O-O 25. h3 Nh6 26. Be3 Kh8 27. Bd2 Qc6 28.
Rhg1 Ne8 29. Kb1 Ng8 30. h4 Nd6 31. h5 Nc4 32. Bc1 a5 33. Qxg7# 1-0

[Event "*** Titled Tuesday Blitz"]
[Site "Chess.com"]
[Date "2020.04.28"]
[Round "1"]
[White "martinique24"]
[Black "GMHess"]
[Result "0-1"]
[WhiteElo "2451"]
[BlackElo "2890"]
[TimeControl "180+1"]
[EndTime "10:06:58 PDT"]
[Termination "GMHess won on time"]

1. e4 d6 2. d4 Nf6 3. Nc3 c6 4. f4 Qa5 5. Bd3 d5 6. e5 Ne4 7. Ne2 f5 8. O-O Be6 9. Be3 Nd7 10. a3 Qc7 11. b4 Nb6 12. a4 a5 13. b5 Bf7 14. bxc6 bxc6 15. Rb1 e6 16. Kh1 Bh5 17. Qe1 Bb4 18. Qh4 Bg6 19. Na2 Be7 20.
Qe1 Nxa4 21. c4 dxc4 22. Bxc4 Bf7 23. Ng3 Nxg3+ 24. Qxg3 O-O 25. Qe1 Rfb8 26. Qd2 Nb6 27. Rxb6 Rxb6 28. d5 cxd5 29. Bxb6 Qxb6 30. Be2 Rc8 31.
Qd3 Qb2 32. Qa6 Rc2 33. Qa8+ Bf8 34. Bf3 Qxa2 35. h4 Qb2 36. h5 Rc1 0-1

[Event "*** Titled Tuesday Blitz"]
[Site "Chess.com"]
[Date "2020.04.28"]
[Round "1"]
[White "JessPinkman"]
[Black "SergioGarciaFuentes"]
[Result "1-0"]
[WhiteElo "2503"]
[BlackElo "2070"]
[TimeControl "180+1"]
[EndTime "10:06:58 PDT"]
[Termination "JessPinkman won on time"]

1. e4 e5 2. Nf3 Nf6 3. Nxe5 d6 4.
Nf3 Nxe4 5. d4 d5 6. Bd3 Bd6 7. O-O O-O 8. c4 c6 9. Re1 Bf5 10. Qb3 Na6 11. cxd5 cxd5 12. Nc3 Nb4 13. Bxe4 dxe4 14.
Nxe4 Rc8 15. Nxd6 Qxd6 16. Bf4 Qb6 17. Re2 Bd3 18. Rd2 Bc4 19. Qa3 Bxa2 20. h3 Bd5 21. Qxa7 Qxa7 22. Rxa7 Bxf3 23. gxf3 Nd5 24. Bg3 b6 25.
Rd7 Rfd8 26. Rc2 h6 27. Rxd5 1-0

[Event "*** Titled Tuesday Blitz"]
[Site "Chess.com"]
[Date "2020.04.28"]
[Round "1"]
[White "secretsuperstar7"]
[Black "claudyna16"]
[Result "0-1"]
[WhiteElo "2185"]
[BlackElo "2534"]
[TimeControl "180+1"]
[EndTime "10:06:59 PDT"]
[Termination "claudyna16 won by resignation"]

1. d4 Nf6 2. c4 g6 3. Nc3 Bg7 4. e4 O-O 5. Nf3 d6 6. Be2 e5 7. d5 Na6 8. Bg5 h6 9. Bd2 Nc5 10. Qc2 a5 11. h3 Nh5 12. Qc1 Qe8 13. Bxh6 f5 14. Bxg7 Kxg7 15. exf5 gxf5 16. Qg5+ Qg6 17. Qxg6+ Kxg6 18. O-O-O Nf4 19. Rhg1 e4 20. Nd4 Nfd3+ 21. Bxd3 Nxd3+ 22. Kc2 Nxf2 23. Rdf1 e3 24. Nce2 f4 25. g3 Nxh3 26. Nxf4+ Nxf4 27. gxf4+ Kf6 28. Kd3 Bh3 29. Rf3 Bf5+ 30. Nxf5 Kxf5 31. Kxe3 Rae8+ 32. Kd3 Rh8 33. Rg5+ Kf6 34. Rg2 Rh1 35. Rfg3 Re7 36. Rg6+ Kf5 37. R6g5+ Kxf4 38. R2g4+ Kf3 39. Rg3+ Kf2 40. Rg2+ Kf1 41. R2g3 Reh7 42. Rf3+ Ke1 43. Re3+ Kd1 44. Rg2 Kc1 45. Rc2+ Kb1 46. Rce2 R1h3 47. b3 Rxe3+ 48. Kxe3 Re7+ 49. Kd2 Rxe2+ 50. Kxe2 Kxa2 51. Kd3 Kxb3 52. Kd4 b6 53. c5 bxc5+ 0-1

[Event "*** Titled Tuesday Blitz"]
[Site "Chess.com"]
[Date "2020.04.28"]
[Round "1"]
[White "GoValya"]
[Black "Marty435"]
[Result "0-1"]
[WhiteElo "2142"]
[BlackElo "2520"]
[TimeControl "180+1"]
[EndTime "10:06:59 PDT"]
[Termination "Marty435 won by resignation"]

1. d4 Nf6 2. Nf3 e6 3. g3 d5 4.
Bg2 Be7 5. O-O O-O 6. c4 dxc4 7. Nbd2 b5 8. a4 c6 9. Ne5 Nd5 10. axb5 cxb5 11. Ne4 Bb7 12. Bd2 Nc6 13. Nxc6 Bxc6 14. Qc2 Qb6 15. Rfd1 f5 16. Ng5 Bxg5 17. Bxg5 Nb4 18.
Qd2 Bxg2 19. Kxg2 Nd5 20. f3 h6 21. Be3 b4 22. Bf2 c3 23. bxc3 bxc3 24. Qd3 Rac8 25. e4 Nb4 26. Qe2 c2 27. Rdc1 fxe4 28. fxe4 a6 29. d5 Qb5 30. Qxb5 axb5 31. dxe6 Nd3 32. e7 Rxf2+ 33. Kg1 Nxc1 34. Rxc1 Re2 35. Kf1 Rxe4 36. Rxc2 Rxc2 0-1

[Event "*** Titled Tuesday Blitz"]
[Site "Chess.com"]
[Date "2020.04.28"]
[Round "1"]
[White "ama18"]
[Black "tamarozi99"]
[Result "1-0"]
[WhiteElo "2482"]
[BlackElo "1955"]
[TimeControl "180+1"]
[EndTime "10:06:59 PDT"]
[Termination "ama18 won on time"]

1. e4 c5 2. Nf3 Nc6 3. d4 cxd4 4. Nxd4 g6 5. c4 d6 6. Nc3 Nf6 7. f3 Nxd4 8. Qxd4 Bg7 9. Be3 O-O 10. Qd2 a5 11. Na4 Be6 12. Nb6 Ra7 13. Be2 a4 14. Rc1 a3 15. b3 Ra6 16. Nd5 Bxd5 17.
cxd5 Ra8 18. O-O Nd7 19. Rc2 Nc5 20. Rfc1 b6 21. b4 Na4 22. Rc6 Rb8 23. Qd3 Bb2 24.
R1c2 b5 25. Qb3 Qd7 26. Rc7 Qd8 27. Bxb5 Rxb5 28. Qxa4 Rb8 29. Rd7 Qe8 30. Rcc7 Kg7 31. b5 1-0